WCHLSIM.com - West Coast Hockey League
html PUBLIC "-//W3C//DTD XHTML 1.0 Transitional//EN" "http://www.w3.org/TR/xhtml1/DTD/xhtml1-transitional.dtd"> WCHL - Game 539 - LOS ANGELES SEALS vs RENO LIONS

LOS ANGELES SEALS vs RENO LIONS

Created - 5 janvier 2023 at 11:15

Goals
1 2 3 T
LOS ANGELES SEALS 1 1 1 3
RENO LIONS 1 0 1 2
Shots
1 2 3 T
LOS ANGELES SEALS 10 7 10 27
RENO LIONS 7 6 4 17

1st period

1. RENO LIONS , Cam Atkinson 10 (Pierre-Luc Dubois 21, Nikita Zadorov 6) at 1:12
2. LOS ANGELES SEALS , Mikael Backlund 8 (Gustav Nyquist 18) at 6:07

Penalties :
Ethan Bear (REN) for Roughing (Minor) at 12:35, Pierre-Luc Dubois (REN) for Hooking (Minor) at 17:09

2nd period

3. LOS ANGELES SEALS , Noah Dobson 2 (Mikael Backlund 14) at 3:14 (PP)

Penalties :
Robert Hagg (REN) for Hooking (Minor) at 2:48, Brady Skjei (LOS) for Roughing (Double Minor) at 19:09

3rd period

4. RENO LIONS , Kirill Kaprizov 28 (Steven Stamkos 37, Elias Pettersson 23) at 1:17 (PP)
5. LOS ANGELES SEALS , Dylan Strome 10 (Owen Tippett 6, Matthew Boldy 10) at 1:37

Penalties :
Jacob Trouba (REN) for Slashing (Minor) at 19:23

Goalie Stats

Linus Ullmark (LOS), 15 saves from 17 shots - (0,882), W, 14-8-4, 60:00 minutes
Eric Comrie (REN), 24 saves from 27 shots - (0,889), L, 6-2-0, 60:00 minutes

Players Stats for LOS ANGELES SEALS

Player Name              G  A  P  +/- PIM S  H  SB GA TA FO     MP     PP MP  PK MP  
------------------------------------------------------------------------------------
Brady Skjei              0  0  0   1  4   1  0  1  0  0  0/0    19:43   2:19   0:00 
Brandon Carlo            0  0  0   0  0   0  0  0  0  0  0/0    14:12   0:00   0:00 
Christian Dvorak         0  0  0   0  0   0  0  0  0  0  6/7     6:37   0:00   0:00 
Dean Kukan               0  0  0   0  0   0  0  0  0  0  0/0     4:04   0:00   0:24 
Dylan Strome             1  0  1   1  0   7  0  0  0  0  9/16   17:51   2:02   0:00 
Filip Hronek             0  0  0   0  0   0  0  0  0  0  0/0    21:41   2:41   1:25 
Gustav Nyquist           0  1  1   0  0   3  0  0  0  0  0/1    16:39   2:02   0:18 
Jakub Voracek            0  0  0   0  0   2  1  0  0  0  2/3    19:23   2:58   0:18 
Juho Lammikko            0  0  0   0  0   0  0  0  0  0  0/0     6:37   0:00   0:00 
Kyle Clifford            0  0  0   0  0   0  4  0  0  0  0/0    14:19   0:00   0:00 
Marcus Pettersson        0  0  0   0  0   0  4  1  0  0  0/0    14:31   0:00   0:19 
Matthew Boldy            0  1  1   1  0   3  0  0  0  0  0/2    15:49   0:00   0:00 
Mikael Backlund          1  1  2   0  0   3  0  0  0  0  11/17  24:48   2:02   1:50 
Nick Bonino              0  0  0   0  0   2  0  0  0  0  0/0    19:05   2:58   0:00 
Nicolas Roy              0  0  0   0  0   3  4  1  0  0  10/23  20:55   2:58   1:50 
Noah Dobson              1  0  1   0  0   2  0  0  0  0  0/0    21:41   2:41   1:25 
Owen Tippett             0  1  1   1  0   1  1  1  0  0  0/0    15:49   0:00   0:00 
Torey Krug               0  0  0   1  0   0  1  1  0  0  0/0    24:07   2:19   0:43 

Players Stats for RENO LIONS

Player Name              G  A  P  +/- PIM S  H  SB GA TA FO     MP     PP MP  PK MP  
------------------------------------------------------------------------------------
Andreas Johnsson         0  0  0  -1  0   2  1  0  0  0  1/2     8:51   1:33   0:00 
Cam Atkinson             1  0  1   1  0   3  0  0  0  0  1/2    22:53   1:33   3:14 
Derek Grant              0  0  0  -1  0   1  1  0  0  0  10/17  16:41   0:00   0:00 
Elias Pettersson         0  1  1   0  0   1  0  0  0  0  1/1    18:09   0:35   0:00 
Ethan Bear               0  0  0  -1  2   0  1  0  0  0  0/0    15:34   0:00   1:03 
Ilya Mikheyev            0  0  0   1  0   1  1  0  0  0  0/0    19:39   1:33   0:00 
Jacob Trouba             0  0  0  -1  2   3  4  1  0  0  0/0    24:10   1:33   1:56 
Kirill Kaprizov          1  0  1   0  0   2  0  0  0  0  0/1    18:09   0:35   0:00 
Mattias Samuelsson       0  0  0   1  0   0  0  2  0  0  0/0    21:19   0:35   3:06 
Nicholas Ritchie         0  0  0  -1  0   0  1  0  0  0  0/1     9:54   0:00   0:00 
Nikita Zadorov           0  1  1   1  0   0  2  1  0  0  0/0    20:14   0:35   2:01 
Oliver Ekman-Larsson     0  0  0  -1  0   1  1  2  0  0  0/0    22:15   1:33   0:00 
Patrick Brown            0  0  0  -1  0   0  0  0  0  0  4/12   13:02   0:00   3:08 
Pierre-Luc Dubois        0  1  1   1  2   2  1  0  0  0  3/9     6:08   0:00   0:49 
Robert Hagg              0  0  0  -1  2   0  2  1  0  0  0/0    16:25   0:00   1:54 
Steven Stamkos           0  1  1   0  0   1  0  0  0  0  9/18   19:45   0:35   0:02 
Trevor Lewis             0  0  0  -1  0   0  2  0  0  0  0/2     8:13   0:00   0:55 
Vincent Hinostroza       0  0  0  -1  0   0  0  0  0  0  2/4    13:35   0:00   1:52 

3 Stars

1 - Mikael Backlund (LOS)
2 - Dylan Strome (LOS)
3 - Cam Atkinson (REN)

Power Play

LOS ANGELES SEALS - 1 on 4 Attempt(s) - 25,00%
RENO LIONS - 1 on 2 Attempt(s) - 50,00%

Penalty Kill

LOS ANGELES SEALS - 1 on 2 Attempt(s) - 50,00% - Score 0 goal in Penalty Kill
RENO LIONS - 3 on 4 Attempt(s) - 75,00% - Score 0 goal in Penalty Kill

Team Stat

LOS ANGELES SEALS - Hits : 15 - Faceoff Wins : 38 - Blocked Shots : 5 - Penalty Minutes : 4
RENO LIONS - Hits : 17 - Faceoff Wins : 31 - Blocked Shots : 7 - Penalty Minutes : 8

Official

Referees : Sean MacFarlane and Francois St-Laurent
Linesman : Bryan Pancich and Steve Barton

Game Notes

Pierre-Luc Dubois is injured at 0:02 of 2nd period (Torn Right ACL)

Finance

Level 1 -- Attendance: 7000 (100,00%) -- Ticket Income 945 000 $
Level 2 -- Attendance: 5638 (93,97%) -- Ticket Income 479 230 $
Level 3 -- Attendance: 2664 (88,80%) -- Ticket Income 159 840 $
Level 4 -- Attendance: 5000 (100,00%) -- Ticket Income 200 000 $
Luxury Box -- Attendance: 1000 (100,00%) -- Ticket Income 270 000 $
Game was played at the Lions Kingdom.
Total Attendance: 21302 (96,83%)
Total Ticket Income: 2 054 070 $
Other Expense: 20 541 $
Total Income: 2 033 529 $

LOS ANGELES SEALS

5 vs 5 Forward 
   Center                   Left Wing                Right Wing               Time % Phy DF OF 
 1 Mikael Backlund          Gustav Nyquist           Kyle Clifford            36     1   2  2  
 2 Nicolas Roy              Nick Bonino              Jakub Voracek            31     1   2  2  
 3 Dylan Strome             Matthew Boldy            Owen Tippett             23     1   2  2  
 4 Christian Dvorak         Juho Lammikko            Mikael Backlund          10     1   2  2  

5 vs 5 Defense 
   Defense                  Defense                                           Time % Phy DF OF 
 1 Torey Krug               Brady Skjei                                       36     1   2  2  
 2 Noah Dobson              Filip Hronek                                      31     1   2  2  
 3 Brandon Carlo            Marcus Pettersson                                 23     1   2  2  
 4 Dean Kukan               Torey Krug                                        10     1   2  2  

PowerPlay Forward 
   Center                   Left Wing                Right Wing               Time % Phy DF OF 
 1 Mikael Backlund          Gustav Nyquist           Dylan Strome             55     1   2  2  
 2 Nicolas Roy              Nick Bonino              Jakub Voracek            45     1   2  2  

PowerPlay Defense
   Defense                  Defense                                           Time % Phy DF OF 
 1 Torey Krug               Brady Skjei                                       55     1   2  2  
 2 Noah Dobson              Filip Hronek                                      45     1   2  2  

Penalty Kill 4 Players Forward 
   Center                   Wing                     Time % Phy DF OF 
 1 Nicolas Roy              Mikael Backlund          55     1   2  2  
 2 Jakub Voracek            Gustav Nyquist           45     1   2  2  

Penalty Kill 4 Players Defense
   Defense                  Defense                  Time % Phy DF OF 
 1 Torey Krug               Brady Skjei              55     1   2  2  
 2 Noah Dobson              Filip Hronek             45     1   2  2  

Penalty Kill - 3 Players Forward 
   Forward                                           Time % Phy DF OF 
 1 Gustav Nyquist                                    55     1   2  2  
 2 Mikael Backlund                                   45     1   2  2  

Penalty Kill - 3 Players Defense
   Defense                  Defense                  Time % Phy DF OF 
 1 Torey Krug               Brady Skjei              55     1   2  2  
 2 Noah Dobson              Filip Hronek             45     1   2  2  

4 vs 4 Forward 
   Center                   Wing                     Time % Phy DF OF 
 1 Christian Dvorak         Mikael Backlund          55     1   2  2  
 2 Jakub Voracek            Gustav Nyquist           45     1   2  2  

4 vs 4 Defense
   Defense                  Defense                  Time % Phy DF OF 
 1 Torey Krug               Brady Skjei              55     1   2  2  
 2 Noah Dobson              Filip Hronek             45     1   2  2  

Last Minutes Offensive
   Center                   Left Wing                Right Wing               Defense                  Defense                  
   Mikael Backlund          Gustav Nyquist           Kyle Clifford            Torey Krug               Brady Skjei              

Last Minutes Defensive
   Center                   Left Wing                Right Wing               Defense                  Defense                  
   Mikael Backlund          Gustav Nyquist           Kyle Clifford            Torey Krug               Brady Skjei              

Goaltenders
Starting : Linus Ullmark            
Backup : Cal Petersen             

Extra Forwards
Normal : Dylan Strome, Matthew Boldy, Christian Dvorak - PP : Dylan Strome, Matthew Boldy - PK : Christian Dvorak
Extra Defensemen
Normal : Brandon Carlo, Marcus Pettersson, Dean Kukan - PP : Brandon Carlo - PK : Marcus Pettersson, Dean Kukan
Penalty Shots
Matthew Boldy, Mikael Backlund, Jakub Voracek, Gustav Nyquist, Nicolas Roy
Custom OT Lines Forwards
Kyle Clifford, Mikael Backlund, Jakub Voracek, Gustav Nyquist, Nicolas Roy, Nick Bonino, Dylan Strome, Matthew Boldy, Christian Dvorak, Owen Tippett
Custom OT Lines Defensemen
Torey Krug, Brady Skjei, Noah Dobson, Filip Hronek, Brandon Carlo

Scratches
Nikita Kucherov (Bruised Left Shoulder Injury)

RENO LIONS

5 vs 5 Forward 
   Center                   Left Wing                Right Wing               Time % Phy DF OF 
 1 Steven Stamkos           Kirill Kaprizov          Elias Pettersson         35     0   1  4  
 2 Pierre-Luc Dubois        Ilya Mikheyev            Cam Atkinson             35     0   1  4  
 3 Derek Grant              Andreas Johnsson         Trevor Lewis             20     1   3  1  
 4 Patrick Brown            Nicholas Ritchie         Vincent Hinostroza       10     2   3  0  

5 vs 5 Defense 
   Defense                  Defense                                           Time % Phy DF OF 
 1 Jacob Trouba             Oliver Ekman-Larsson                              36     1   2  2  
 2 Nikita Zadorov           Mattias Samuelsson                                31     1   2  2  
 3 Ethan Bear               Robert Hagg                                       23     1   2  2  
 4 Jacob Trouba             Oliver Ekman-Larsson                              10     1   2  2  

PowerPlay Forward 
   Center                   Left Wing                Right Wing               Time % Phy DF OF 
 1 Pierre-Luc Dubois        Ilya Mikheyev            Cam Atkinson             70     0   0  5  
 2 Steven Stamkos           Kirill Kaprizov          Elias Pettersson         30     0   0  5  

PowerPlay Defense
   Defense                  Defense                                           Time % Phy DF OF 
 1 Jacob Trouba             Oliver Ekman-Larsson                              60     1   2  2  
 2 Mattias Samuelsson       Nikita Zadorov                                    40     1   2  2  

Penalty Kill 4 Players Forward 
   Center                   Wing                     Time % Phy DF OF 
 1 Patrick Brown            Cam Atkinson             55     1   2  2  
 2 Pierre-Luc Dubois        Vincent Hinostroza       45     1   2  2  

Penalty Kill 4 Players Defense
   Defense                  Defense                  Time % Phy DF OF 
 1 Mattias Samuelsson       Robert Hagg              55     1   2  2  
 2 Ethan Bear               Nikita Zadorov           45     1   2  2  

Penalty Kill - 3 Players Forward 
   Forward                                           Time % Phy DF OF 
 1 Cam Atkinson                                      55     1   2  2  
 2 Pierre-Luc Dubois                                 45     1   2  2  

Penalty Kill - 3 Players Defense
   Defense                  Defense                  Time % Phy DF OF 
 1 Robert Hagg              Oliver Ekman-Larsson     55     1   2  2  
 2 Mattias Samuelsson       Robert Hagg              45     1   2  2  

4 vs 4 Forward 
   Center                   Wing                     Time % Phy DF OF 
 1 Derek Grant              Andreas Johnsson         55     1   2  2  
 2 Trevor Lewis             Nicholas Ritchie         45     1   2  2  

4 vs 4 Defense
   Defense                  Defense                  Time % Phy DF OF 
 1 Ethan Bear               Robert Hagg              55     1   2  2  
 2 Nikita Zadorov           Oliver Ekman-Larsson     45     1   2  2  

Last Minutes Offensive
   Center                   Left Wing                Right Wing               Defense                  Defense                  
   Steven Stamkos           Kirill Kaprizov          Elias Pettersson         Jacob Trouba             Oliver Ekman-Larsson     

Last Minutes Defensive
   Center                   Left Wing                Right Wing               Defense                  Defense                  
   Steven Stamkos           Kirill Kaprizov          Ilya Mikheyev            Jacob Trouba             Oliver Ekman-Larsson     

Goaltenders
Starting : Eric Comrie              
Backup : Elvis Merzlikins         

Extra Forwards
Normal : Pierre-Luc Dubois, Cam Atkinson, Derek Grant - PP : Andreas Johnsson, Nicholas Ritchie - PK : Patrick Brown
Extra Defensemen
Normal : Nikita Zadorov, Ethan Bear, Jacob Trouba - PP : Oliver Ekman-Larsson - PK : Mattias Samuelsson, Robert Hagg
Penalty Shots
Steven Stamkos, Kirill Kaprizov, Elias Pettersson, Pierre-Luc Dubois, Cam Atkinson
Custom OT Lines Forwards
Steven Stamkos, Kirill Kaprizov, Elias Pettersson, Pierre-Luc Dubois, Cam Atkinson, Ilya Mikheyev, Derek Grant, Trevor Lewis, Andreas Johnsson, Nicholas Ritchie
Custom OT Lines Defensemen
Jacob Trouba, Oliver Ekman-Larsson, Nikita Zadorov, Mattias Samuelsson, Robert Hagg

Scratches
None


% Time on Ice - LOS ANGELES SEALS

Lines # - Real PCT - Wanted PCT - Time Play
Normal Forward
1 - 27% - 36% - 14:19
2 - 30% - 31% - 16:07
3 - 30% - 23% - 15:49
4 - 13% - 10% - 6:37
Normal Defense
1 - 33% - 36% - 17:25
2 - 33% - 31% - 17:35
3 - 27% - 23% - 14:12
4 - 7% - 10% - 3:40
PP Forward
1 - 41% - 55% - 2:02
2 - 59% - 45% - 2:58
PP Defense
1 - 46% - 55% - 2:19
2 - 54% - 45% - 2:41
PK Forward
1 - 86% - 55% - 1:50
2 - 14% - 45% - 0:18
PK Defense
1 - 34% - 55% - 0:43
2 - 66% - 45% - 1:25
PK3 Forward
1 - 0% - 55%
2 - 0% - 45%
PK3 Defense
1 - 0% - 55%
2 - 0% - 45%
44 Forward
1 - 0% - 55%
2 - 0% - 45%
44 Defense
1 - 0% - 55%
2 - 0% - 45%
Last Minute Offensive  - 0:00
Last Minute Defensive  - 0:00
Total
Forward - 60:00
Defense - 60:00

% Time on Ice - RENO LIONS

Lines # - Real PCT - Wanted PCT - Time Play
Normal Forward
1 - 33% - 35% - 17:34
2 - 34% - 35% - 18:06
3 - 14% - 20% - 7:18
4 - 19% - 10% - 9:54
Normal Defense
1 - 34% - 36% - 17:49
2 - 33% - 31% - 17:38
3 - 27% - 23% - 14:32
4 - 5% - 10% - 2:53
PP Forward
1 - 73% - 70% - 1:33
2 - 27% - 30% - 0:35
PP Defense
1 - 73% - 60% - 1:33
2 - 27% - 40% - 0:35
PK Forward
1 - 65% - 55% - 3:14
2 - 35% - 45% - 1:46
PK Defense
1 - 60% - 55% - 2:59
2 - 40% - 45% - 2:01
PK3 Forward
1 - 0% - 55%
2 - 0% - 45%
PK3 Defense
1 - 0% - 55%
2 - 0% - 45%
44 Forward
1 - 0% - 55%
2 - 0% - 45%
44 Defense
1 - 0% - 55%
2 - 0% - 45%
Last Minute Offensive  - 0:00
Last Minute Defensive  - 0:00
Total
Forward - 60:00
Defense - 60:00

Play-by-Play

1st period


0:01 of 1st period - Mikael Backlund wins face-off versus Steven Stamkos in neutral zone.
0:28 of 1st period - Shot by Elias Pettersson.
0:28 of 1st period - Shot Blocked by Brady Skjei.
0:58 of 1st period - Mikael Backlund is hit by Pierre-Luc Dubois and loses puck.
1:12 of 1st period - Shot by Cam Atkinson.
1:12 of 1st period - Goal by Cam Atkinson - LOS ANGELES SEALS : 0 - RENO LIONS : 1.
1:13 of 1st period - Derek Grant wins face-off versus Nicolas Roy in neutral zone.
2:15 of 1st period - Shot by Matthew Boldy.
2:15 of 1st period - Shot Misses the Net.
2:17 of 1st period - Shot by Brandon Carlo.
2:17 of 1st period - Shot Blocked by Nikita Zadorov.
2:43 of 1st period - Shot by Dylan Strome.
2:43 of 1st period - Stopped by Eric Comrie without a rebound.
2:44 of 1st period - Christian Dvorak wins face-off versus Patrick Brown in RENO LIONS zone.
4:05 of 1st period - Shot by Elias Pettersson.
4:05 of 1st period - Shot Misses the Net.
4:09 of 1st period - Shot by Elias Pettersson.
4:09 of 1st period - Shot Blocked by Owen Tippett.
5:09 of 1st period - Shot by Cam Atkinson.
5:09 of 1st period - Stopped by Linus Ullmark with a rebound.
5:23 of 1st period - Shot by Pierre-Luc Dubois.
5:23 of 1st period - Shot Misses the Net.
5:43 of 1st period - Icing by Nicolas Roy.
5:44 of 1st period - Nicolas Roy wins face-off versus Trevor Lewis in LOS ANGELES SEALS zone.
6:05 of 1st period - Shot by Mikael Backlund.
6:05 of 1st period - Deflect By Gustav Nyquist.
6:05 of 1st period - Shot Misses the Net.
6:07 of 1st period - Shot by Mikael Backlund.
6:07 of 1st period - Goal by Mikael Backlund - LOS ANGELES SEALS : 1 - RENO LIONS : 1.
6:08 of 1st period - Christian Dvorak wins face-off versus Steven Stamkos in neutral zone.
6:21 of 1st period - Shot by Mikael Backlund.
6:21 of 1st period - Shot Misses the Net.
6:51 of 1st period - Shot by Steven Stamkos.
6:51 of 1st period - Shot Misses the Net.
7:14 of 1st period - Icing by Filip Hronek.
7:15 of 1st period - Derek Grant wins face-off versus Dylan Strome in LOS ANGELES SEALS zone.
7:21 of 1st period - Matthew Boldy is hit by Andreas Johnsson and loses puck.
7:40 of 1st period - Shot by Dylan Strome.
7:40 of 1st period - Stopped by Eric Comrie without a rebound.
7:41 of 1st period - Jakub Voracek wins face-off versus Pierre-Luc Dubois in RENO LIONS zone.
8:55 of 1st period - Shot by Gustav Nyquist.
8:55 of 1st period - Shot Misses the Net.
8:57 of 1st period - Shot by Mikael Backlund.
8:57 of 1st period - Shot Misses the Net.
8:59 of 1st period - Shot by Gustav Nyquist.
8:59 of 1st period - Stopped by Eric Comrie without a rebound.
9:00 of 1st period - Steven Stamkos wins face-off versus Dylan Strome in RENO LIONS zone.
9:00 of 1st period - Steven Stamkos is hit by Owen Tippett.
9:10 of 1st period - Off-side.
9:11 of 1st period - Steven Stamkos wins face-off versus Dylan Strome in neutral zone.
9:56 of 1st period - Shot by Steven Stamkos.
9:56 of 1st period - Shot Misses the Net.
10:39 of 1st period - Shot by Mikael Backlund.
10:39 of 1st period - Shot Blocked by Oliver Ekman-Larsson.
10:43 of 1st period - Shot by Mikael Backlund.
10:43 of 1st period - Stopped by Eric Comrie without a rebound.
10:44 of 1st period - Nicolas Roy wins face-off versus Andreas Johnsson in RENO LIONS zone.
10:51 of 1st period - Shot by Nicolas Roy.
10:51 of 1st period - Stopped by Eric Comrie without a rebound.
10:52 of 1st period - Nicolas Roy wins face-off versus Trevor Lewis in RENO LIONS zone.
11:19 of 1st period - Shot by Andreas Johnsson.
11:19 of 1st period - Stopped by Linus Ullmark without a rebound.
11:20 of 1st period - Pierre-Luc Dubois wins face-off versus Mikael Backlund in LOS ANGELES SEALS zone.
11:20 of 1st period - Pierre-Luc Dubois is hit by Torey Krug.
11:48 of 1st period - Shot by Pierre-Luc Dubois.
11:48 of 1st period - Stopped by Linus Ullmark with a rebound.
12:34 of 1st period - Nick Bonino is hit by Ethan Bear and loses puck.
12:35 of 1st period - Minor Penalty to Ethan Bear for Roughing.
12:36 of 1st period - Patrick Brown wins face-off versus Nicolas Roy in RENO LIONS zone.
13:09 of 1st period - Shot by Nick Bonino.
13:09 of 1st period - Stopped by Eric Comrie without a rebound.
13:10 of 1st period - Mikael Backlund wins face-off versus Pierre-Luc Dubois in RENO LIONS zone.
13:10 of 1st period - Mikael Backlund is hit by Nikita Zadorov.
13:16 of 1st period - Shot by Gustav Nyquist.
13:16 of 1st period - Stopped by Eric Comrie without a rebound.
13:17 of 1st period - Pierre-Luc Dubois wins face-off versus Nicolas Roy in RENO LIONS zone.
13:32 of 1st period - Shot by Nick Bonino.
13:32 of 1st period - Shot Blocked by Jacob Trouba.
13:49 of 1st period - Icing by Nick Bonino.
13:50 of 1st period - Nicolas Roy wins face-off versus Patrick Brown in LOS ANGELES SEALS zone.
14:14 of 1st period - Icing by Torey Krug.
14:15 of 1st period - Mikael Backlund wins face-off versus Pierre-Luc Dubois in LOS ANGELES SEALS zone.
14:26 of 1st period - Icing by Mikael Backlund.
14:27 of 1st period - Mikael Backlund wins face-off versus Patrick Brown in LOS ANGELES SEALS zone.
14:37 of 1st period - Icing by Brandon Carlo.
14:38 of 1st period - Dylan Strome wins face-off versus Steven Stamkos in LOS ANGELES SEALS zone.
14:47 of 1st period - Shot by Matthew Boldy.
14:47 of 1st period - Shot Misses the Net.
14:56 of 1st period - Kirill Kaprizov is hit by Marcus Pettersson and loses puck.
15:00 of 1st period - Kirill Kaprizov is hit by Marcus Pettersson.
15:21 of 1st period - Kirill Kaprizov is hit by Marcus Pettersson and loses puck.
15:57 of 1st period - Shot by Cam Atkinson.
15:57 of 1st period - Shot Blocked by Torey Krug.
16:00 of 1st period - Icing by Brady Skjei.
16:01 of 1st period - Derek Grant wins face-off versus Mikael Backlund in LOS ANGELES SEALS zone.
16:02 of 1st period - Shot by Andreas Johnsson.
16:02 of 1st period - Stopped by Linus Ullmark with a rebound.
16:56 of 1st period - Shot by Nick Bonino.
16:56 of 1st period - Stopped by Eric Comrie without a rebound.
16:57 of 1st period - Christian Dvorak wins face-off versus Pierre-Luc Dubois in RENO LIONS zone.
17:04 of 1st period - Shot by Cam Atkinson.
17:04 of 1st period - Deflect By Pierre-Luc Dubois.
17:04 of 1st period - Stopped by Linus Ullmark with a rebound.
17:09 of 1st period - Minor Penalty to Pierre-Luc Dubois for Hooking.
17:10 of 1st period - Jakub Voracek wins face-off versus Patrick Brown in RENO LIONS zone.
17:37 of 1st period - Ethan Bear is hit by Jakub Voracek and loses puck.
18:08 of 1st period - Shot by Noah Dobson.
18:08 of 1st period - Stopped by Eric Comrie with a rebound.
19:48 of 1st period - Shot by Kirill Kaprizov.
19:48 of 1st period - Stopped by Linus Ullmark without a rebound.
19:49 of 1st period - Christian Dvorak wins face-off versus Pierre-Luc Dubois in LOS ANGELES SEALS zone.
19:53 of 1st period - Off-side.
19:54 of 1st period - Mikael Backlund wins face-off versus Pierre-Luc Dubois in neutral zone.
19:57 of 1st period - Ilya Mikheyev is hit by Kyle Clifford and loses puck.
Goals for this period are 1 for LOS ANGELES SEALS vs 1 for RENO LIONS.
Shots for this period are 10 for LOS ANGELES SEALS vs 7 for RENO LIONS.

2nd period


0:01 of 2nd period - Pierre-Luc Dubois wins face-off versus Mikael Backlund in neutral zone.
0:01 of 2nd period - Pierre-Luc Dubois is hit by Kyle Clifford.
0:02 of 2nd period - Pierre-Luc Dubois from RENO LIONS is injured at 0:02 of 2nd period (Torn Right ACL).
0:03 of 2nd period - Derek Grant wins face-off versus Mikael Backlund in neutral zone.
0:26 of 2nd period - Ilya Mikheyev is hit by Kyle Clifford and loses puck.
1:01 of 2nd period - Shot by Steven Stamkos.
1:01 of 2nd period - Shot Misses the Net.
1:52 of 2nd period - Robert Hagg is hit by Kyle Clifford and loses puck.
2:05 of 2nd period - Shot by Nicolas Roy.
2:05 of 2nd period - Stopped by Eric Comrie without a rebound.
2:06 of 2nd period - Nicolas Roy wins face-off versus Derek Grant in RENO LIONS zone.
2:25 of 2nd period - Shot by Oliver Ekman-Larsson.
2:25 of 2nd period - Stopped by Linus Ullmark without a rebound.
2:26 of 2nd period - Patrick Brown wins face-off versus Dylan Strome in LOS ANGELES SEALS zone.
2:45 of 2nd period - Icing by Ethan Bear.
2:46 of 2nd period - Vincent Hinostroza wins face-off versus Nicolas Roy in RENO LIONS zone.
2:48 of 2nd period - Minor Penalty to Robert Hagg for Hooking.
2:49 of 2nd period - Patrick Brown wins face-off versus Nicolas Roy in RENO LIONS zone.
3:12 of 2nd period - Shot by Jakub Voracek.
3:12 of 2nd period - Stopped by Eric Comrie without a rebound.
3:13 of 2nd period - Mikael Backlund wins face-off versus Patrick Brown in RENO LIONS zone.
3:14 of 2nd period - Shot by Noah Dobson.
3:14 of 2nd period - Goal by Noah Dobson - LOS ANGELES SEALS : 2 - RENO LIONS : 1.
3:15 of 2nd period - Dylan Strome wins face-off versus Derek Grant in neutral zone.
3:33 of 2nd period - Owen Tippett is hit by Jacob Trouba.
3:37 of 2nd period - Shot by Matthew Boldy.
3:37 of 2nd period - Stopped by Eric Comrie without a rebound.
3:38 of 2nd period - Nicolas Roy wins face-off versus Steven Stamkos in RENO LIONS zone.
5:35 of 2nd period - Shot by Cam Atkinson.
5:35 of 2nd period - Stopped by Linus Ullmark without a rebound.
5:36 of 2nd period - Nicolas Roy wins face-off versus Derek Grant in LOS ANGELES SEALS zone.
5:36 of 2nd period - Nicolas Roy is hit by Derek Grant.
5:47 of 2nd period - Shot by Jakub Voracek.
5:47 of 2nd period - Shot Blocked by Oliver Ekman-Larsson.
6:03 of 2nd period - Cam Atkinson is hit by Nicolas Roy and loses puck.
6:43 of 2nd period - Vincent Hinostroza is hit by Marcus Pettersson.
6:57 of 2nd period - Shot by Dylan Strome.
6:57 of 2nd period - Shot Blocked by Robert Hagg.
8:05 of 2nd period - Shot by Mikael Backlund.
8:05 of 2nd period - Shot Misses the Net.
8:07 of 2nd period - Shot by Brady Skjei.
8:07 of 2nd period - Stopped by Eric Comrie without a rebound.
8:08 of 2nd period - Derek Grant wins face-off versus Nicolas Roy in RENO LIONS zone.
8:08 of 2nd period - Derek Grant is hit by Nicolas Roy.
8:33 of 2nd period - Cam Atkinson is hit by Nicolas Roy and loses puck.
9:59 of 2nd period - Icing by Robert Hagg.
10:00 of 2nd period - Derek Grant wins face-off versus Dylan Strome in RENO LIONS zone.
10:12 of 2nd period - Shot by Dylan Strome.
10:12 of 2nd period - Stopped by Eric Comrie without a rebound.
10:13 of 2nd period - Dylan Strome wins face-off versus Steven Stamkos in RENO LIONS zone.
10:26 of 2nd period - Shot by Dylan Strome.
10:26 of 2nd period - Shot Misses the Net.
11:32 of 2nd period - Shot by Gustav Nyquist.
11:32 of 2nd period - Shot Misses the Net.
12:14 of 2nd period - Shot by Jakub Voracek.
12:14 of 2nd period - Stopped by Eric Comrie with a rebound.
13:16 of 2nd period - Icing by Torey Krug.
13:17 of 2nd period - Steven Stamkos wins face-off versus Christian Dvorak in LOS ANGELES SEALS zone.
13:18 of 2nd period - Shot by Kirill Kaprizov.
13:18 of 2nd period - Shot Misses the Net.
13:41 of 2nd period - Shot by Steven Stamkos.
13:41 of 2nd period - Stopped by Linus Ullmark without a rebound.
13:42 of 2nd period - Derek Grant wins face-off versus Matthew Boldy in LOS ANGELES SEALS zone.
13:45 of 2nd period - Shot by Ilya Mikheyev.
13:45 of 2nd period - Shot Misses the Net.
13:47 of 2nd period - Shot by Derek Grant.
13:47 of 2nd period - Shot Misses the Net.
13:49 of 2nd period - Shot by Jacob Trouba.
13:49 of 2nd period - Stopped by Linus Ullmark without a rebound.
13:50 of 2nd period - Steven Stamkos wins face-off versus Nicolas Roy in LOS ANGELES SEALS zone.
15:06 of 2nd period - Mikael Backlund is hit by Trevor Lewis and loses puck.
16:18 of 2nd period - Icing by Owen Tippett.
16:19 of 2nd period - Vincent Hinostroza wins face-off versus Matthew Boldy in LOS ANGELES SEALS zone.
16:25 of 2nd period - Icing by Dylan Strome.
16:26 of 2nd period - Dylan Strome wins face-off versus Vincent Hinostroza in LOS ANGELES SEALS zone.
18:03 of 2nd period - Shot by Kirill Kaprizov.
18:03 of 2nd period - Shot Misses the Net.
18:22 of 2nd period - Icing by Mattias Samuelsson.
18:23 of 2nd period - Steven Stamkos wins face-off versus Nicolas Roy in RENO LIONS zone.
18:23 of 2nd period - Steven Stamkos is hit by Nicolas Roy.
18:34 of 2nd period - Icing by Nicolas Roy.
18:35 of 2nd period - Nicolas Roy wins face-off versus Derek Grant in LOS ANGELES SEALS zone.
18:35 of 2nd period - Nicolas Roy is hit by Trevor Lewis.
18:48 of 2nd period - Icing by Ethan Bear.
18:49 of 2nd period - Derek Grant wins face-off versus Mikael Backlund in RENO LIONS zone.
19:09 of 2nd period - Double Minor Penalty to Brady Skjei for Roughing.
19:10 of 2nd period - Andreas Johnsson wins face-off versus Nicolas Roy in LOS ANGELES SEALS zone.
19:31 of 2nd period - Shot by Jacob Trouba.
19:31 of 2nd period - Stopped by Linus Ullmark with a rebound.
19:51 of 2nd period - Shot by Jacob Trouba.
19:51 of 2nd period - Stopped by Linus Ullmark without a rebound.
19:52 of 2nd period - Elias Pettersson wins face-off versus Jakub Voracek in LOS ANGELES SEALS zone.
Goals for this period are 1 for LOS ANGELES SEALS vs 0 for RENO LIONS.
Shots for this period are 7 for LOS ANGELES SEALS vs 6 for RENO LIONS.

3rd period


0:01 of 3rd period - Cam Atkinson wins face-off versus Nicolas Roy in neutral zone.
1:17 of 3rd period - Shot by Kirill Kaprizov.
1:17 of 3rd period - Goal by Kirill Kaprizov - LOS ANGELES SEALS : 2 - RENO LIONS : 2.
1:18 of 3rd period - Dylan Strome wins face-off versus Patrick Brown in neutral zone.
1:37 of 3rd period - Shot by Owen Tippett.
1:37 of 3rd period - Deflect By Dylan Strome.
1:37 of 3rd period - Goal by Dylan Strome - LOS ANGELES SEALS : 3 - RENO LIONS : 2.
1:38 of 3rd period - Steven Stamkos wins face-off versus Dylan Strome in neutral zone.
1:55 of 3rd period - Shot by Elias Pettersson.
1:55 of 3rd period - Stopped by Linus Ullmark without a rebound.
1:56 of 3rd period - Derek Grant wins face-off versus Gustav Nyquist in LOS ANGELES SEALS zone.
2:13 of 3rd period - Shot by Gustav Nyquist.
2:13 of 3rd period - Stopped by Eric Comrie without a rebound.
2:14 of 3rd period - Steven Stamkos wins face-off versus Nicolas Roy in RENO LIONS zone.
2:49 of 3rd period - Icing by Mattias Samuelsson.
2:50 of 3rd period - Dylan Strome wins face-off versus Kirill Kaprizov in RENO LIONS zone.
3:28 of 3rd period - Shot by Owen Tippett.
3:28 of 3rd period - Stopped by Eric Comrie without a rebound.
3:29 of 3rd period - Mikael Backlund wins face-off versus Derek Grant in RENO LIONS zone.
5:38 of 3rd period - Shot by Dylan Strome.
5:38 of 3rd period - Stopped by Eric Comrie without a rebound.
5:39 of 3rd period - Dylan Strome wins face-off versus Steven Stamkos in RENO LIONS zone.
6:07 of 3rd period - Shot by Dylan Strome.
6:07 of 3rd period - Stopped by Eric Comrie without a rebound.
6:08 of 3rd period - Christian Dvorak wins face-off versus Cam Atkinson in RENO LIONS zone.
7:26 of 3rd period - Shot by Jakub Voracek.
7:26 of 3rd period - Shot Blocked by Mattias Samuelsson.
7:33 of 3rd period - Icing by Mattias Samuelsson.
7:34 of 3rd period - Dylan Strome wins face-off versus Steven Stamkos in RENO LIONS zone.
7:35 of 3rd period - Shot by Matthew Boldy.
7:35 of 3rd period - Stopped by Eric Comrie without a rebound.
7:36 of 3rd period - Steven Stamkos wins face-off versus Dylan Strome in RENO LIONS zone.
7:46 of 3rd period - Matthew Boldy is hit by Nikita Zadorov and loses puck.
8:14 of 3rd period - Shot by Matthew Boldy.
8:14 of 3rd period - Stopped by Eric Comrie without a rebound.
8:15 of 3rd period - Mikael Backlund wins face-off versus Nicholas Ritchie in RENO LIONS zone.
8:15 of 3rd period - Mikael Backlund is hit by Robert Hagg.
8:18 of 3rd period - Gustav Nyquist is hit by Robert Hagg and loses puck.
8:35 of 3rd period - Shot by Mikael Backlund.
8:35 of 3rd period - Stopped by Eric Comrie without a rebound.
8:36 of 3rd period - Nicolas Roy wins face-off versus Derek Grant in RENO LIONS zone.
8:55 of 3rd period - Jakub Voracek is hit by Jacob Trouba.
9:37 of 3rd period - Mikael Backlund is hit by Oliver Ekman-Larsson and loses puck.
10:21 of 3rd period - Shot by Kirill Kaprizov.
10:21 of 3rd period - Deflect By Steven Stamkos.
10:21 of 3rd period - Shot Misses the Net.
11:17 of 3rd period - Shot by Patrick Brown.
11:17 of 3rd period - Shot Blocked by Marcus Pettersson.
11:25 of 3rd period - Shot by Patrick Brown.
11:25 of 3rd period - Shot Misses the Net.
11:55 of 3rd period - Shot by Andreas Johnsson.
11:55 of 3rd period - Shot Misses the Net.
11:59 of 3rd period - Shot by Steven Stamkos.
11:59 of 3rd period - Shot Misses the Net.
12:49 of 3rd period - Shot by Nicolas Roy.
12:49 of 3rd period - Stopped by Eric Comrie without a rebound.
12:50 of 3rd period - Christian Dvorak wins face-off versus Steven Stamkos in RENO LIONS zone.
13:06 of 3rd period - Icing by Robert Hagg.
13:07 of 3rd period - Mikael Backlund wins face-off versus Steven Stamkos in RENO LIONS zone.
13:41 of 3rd period - Shot by Gustav Nyquist.
13:41 of 3rd period - Deflect By Mikael Backlund.
13:41 of 3rd period - Shot Misses the Net.
14:10 of 3rd period - Shot by Derek Grant.
14:10 of 3rd period - Stopped by Linus Ullmark without a rebound.
14:11 of 3rd period - Derek Grant wins face-off versus Nicolas Roy in LOS ANGELES SEALS zone.
14:49 of 3rd period - Shot by Nick Bonino.
14:49 of 3rd period - Shot Blocked by Mattias Samuelsson.
15:09 of 3rd period - Off-side.
15:10 of 3rd period - Dylan Strome wins face-off versus Vincent Hinostroza in neutral zone.
16:44 of 3rd period - Off-side.
16:45 of 3rd period - Nicolas Roy wins face-off versus Derek Grant in neutral zone.
16:45 of 3rd period - Jakub Voracek is hit by Ilya Mikheyev and loses puck.
17:17 of 3rd period - Icing by Noah Dobson.
17:18 of 3rd period - Steven Stamkos wins face-off versus Nicolas Roy in LOS ANGELES SEALS zone.
17:41 of 3rd period - Shot by Steven Stamkos.
17:41 of 3rd period - Shot Blocked by Nicolas Roy.
18:45 of 3rd period - Shot by Ilya Mikheyev.
18:45 of 3rd period - Stopped by Linus Ullmark without a rebound.
18:46 of 3rd period - Mikael Backlund wins face-off versus Patrick Brown in LOS ANGELES SEALS zone.
18:46 of 3rd period - Brady Skjei is hit by Nicholas Ritchie and loses puck.
19:14 of 3rd period - Gustav Nyquist is hit by Jacob Trouba.
19:21 of 3rd period - Mikael Backlund is hit by Jacob Trouba and loses puck.
19:23 of 3rd period - Minor Penalty to Jacob Trouba for Slashing.
19:24 of 3rd period - Patrick Brown wins face-off versus Mikael Backlund in RENO LIONS zone.
19:43 of 3rd period - Shot by Dylan Strome.
19:43 of 3rd period - Stopped by Eric Comrie without a rebound.
19:44 of 3rd period - Mikael Backlund wins face-off versus Patrick Brown in RENO LIONS zone.
Goals for this period are 1 for LOS ANGELES SEALS vs 1 for RENO LIONS.
Shots for this period are 10 for LOS ANGELES SEALS vs 4 for RENO LIONS.


DARCY
KUEMPER
JAKE
OETTINGER
NINO
NIEDERREITER

EAST COAST

HOCKEY LEAGUE

  • 1.CHI2QUE4
  • 2.LIM2CHA3
  • 3.LON3TRV5
  • 4.BAL5CHW6
  • 5.MANPIT
  • 6.NHWATL
  • 7.PETWOR
  • 8.RHI